 Dungeon Crawl Stone Soup version 0.28-a0-802-g09f76e8c00 (webtiles) character file.

Game seed: 16431504441755015302

2014 kae the Summoner (level 9, 0/50 (52) HPs)
             Began as a Tengu Summoner on Nov 6, 2021.
             Was an Initiate of Ashenzari.
             Hit by a stone thrown by a wight (6 damage)
             ... on level 7 of the Dungeon.
             The game lasted 00:07:37 (9627 turns).

kae the Summoner (Tengu Summoner)                   Turns: 9627, Time: 00:07:38

HP:   0/50 (52)     AC:  7    Str:  8    XL:     9   Next: 22%
MP:   16/17         EV: 12    Int: 19    God:    Ashenzari [......]
Gold: 51            SH:  0    Dex: 21    Spells: 8/17 levels left

rFire   . . .      SeeInvis .   k - +8 spear
rCold   + . .      Faith    .   (no shield)
rNeg    . . .      Spirit   .   t - +0 scale mail
rPois   .          Reflect  .   (helmet restricted)
rElec   .          Harm     .   (no cloak)
rCorr   .          Rampage  .   (no gloves)
Will    .....                   (boots unavailable)
Stlth   +.........              (no amulet)
HPRegen 0.16/turn               u - +4 ring of slaying
MPRegen 0.15/turn               d - ring "Wymes" {+Blink rC+ Dex+6 Slay+3}

@: flying quickly and evasively, lightly drained, quick
A: beak, talons 3, nimble flight
a: Renounce Religion, Evoke Blink, Curse Item


You were on level 7 of the Dungeon.
You worshipped Ashenzari.
Ashenzari was noncommittal.
You visited 2 branches of the dungeon, and saw 8 of its levels.

You collected 305 gold pieces.
You spent 254 gold pieces at shops.

Inventory:

Hand Weapons
 h - a +1 mace
 k - a +8 spear (weapon)
 w - a +2 whip of pain
Armour
 a - a +0 robe
 c - a +0 leather armour
 t - a +0 scale mail (worn)
Jewellery
 d - the ring "Wymes" (right hand) {+Blink rC+ Dex+6 Slay+3}
   (You acquired it on level 3 of the Dungeon)

   [ring of dexterity]

   Dex:       It affects your dexterity (+6).
   Slay:      It affects your accuracy & damage with ranged weapons and melee
   (+3).
   rC:        It protects you from cold.
   +Blink:    It lets you blink.
 f - a +4 ring of protection
 u - a +4 ring of slaying (left hand)
Wands
 j - a wand of flame (25)
 x - a wand of acid (7)
 y - a wand of iceblast (4)
Scrolls
 i - 4 scrolls of identify
 s - a scroll of fear
Potions
 b - 3 potions of lignification
 e - 2 potions of curing
 g - 2 potions of flight
 l - 2 potions of degeneration
 m - 2 potions of resistance
 n - a potion of attraction
 o - a potion of might {unknown}
 p - a potion of haste {unknown}
 q - 3 potions of brilliance {unknown}
 r - 2 potions of heal wounds
 v - a potion of mutation


   Skills:
 + Level 4.4 Fighting
 * Level 2.3 Maces & Flails
 + Level 4.1 Armour
 + Level 5.6 Dodging
 - Level 2.0 Stealth
 + Level 4.6 Spellcasting
 - Level 1.0 Hexes
 * Level 9.5 Summonings


You had 8 spell levels left.
You knew the following spells:

 Your Spells              Type           Power      Damage    Failure   Level
a - Summon Small Mammal   Summ           100%       N/A       2%          1
b - Call Imp              Summ           40%        N/A       3%          2
c - Call Canine Familiar  Summ           40%        N/A       6%          3
d - Summon Guardian Gole  Hex/Summ       24%        N/A       36%         3

Your spell library contained the following spells:

 Spells                   Type           Power      Damage    Failure   Level
 Pain                     Necr           16%        1d4       73%         1
 Ensorcelled Hibernation  Hex/Ice        12%        N/A       80%         2
 Summon Lightning Spire   Summ/Air       22%        N/A       83%         4
 Static Discharge         Conj/Air       4%         N/A       86%         2
 Dazzling Flash           Conj/Hex       12%        N/A       95%         3
 Portal Projectile        Hex/Tloc       12%        N/A       95%         3
 Spider Form              Tmut/Pois      4%         N/A       97%         3
 Iskenderun's Mystic Bla  Conj/Tloc      4%         2d3       100%        4
 Leda's Liquefaction      Hex/Erth       3%         N/A       100%        4
 Starburst                Conj/Fire      2%         6d3       100%        6
 Death's Door             Necr           2%         N/A       100%        9


Dungeon Overview and Level Annotations

Branches:
Dungeon (7/15)             Temple (1/1) D:5

Altars:
Ashenzari
Cheibriados
Elyvilon
Fedhas
Gozag
Hepliaklqana
Kikubaaqudgha
Makhleb
Nemelex Xobeh
Okawaru
Qazlal
Ru
Sif Muna
Trog
Uskayaw
Vehumet
Xom
Yredelemnul
Zin

Shops:
D:6 !   D:7 :[*!(

Annotations:
D:2 Sigmund


Innate Abilities, Weirdness & Mutations

You have a beak for a mouth.
You have claws for feet.
Your magical nature lets you fly swiftly and evasively.


Message History

There is an open door here.
Your wolf bites the bullfrog!
The bullfrog misses your wolf.
Your wolf barely misses the bullfrog.
You reach down and close the door.
You start resting.
A centaur comes into view. It is wielding a +0 mace.
The centaur unwields a +0 mace.
The centaur wields a +0 shortbow.
The centaur shoots an arrow.
The arrow hits you.
The centaur shoots an arrow.
The arrow hits you!
* * * LOW HITPOINT WARNING * * *
A wight comes into view. It is wielding a +1 battleaxe.
The centaur unwields a +0 shortbow.
The centaur wields a +0 mace.
The centaur barely misses you. The centaur misses you.
You puncture the centaur! Your kick misses the centaur.
The centaur is severely wounded.
The centaur hits you with a +0 mace.
* * * LOW HITPOINT WARNING * * *
The centaur misses you.
You feel much better. The centaur hits you with a +0 mace!
* * * LOW HITPOINT WARNING * * *
The centaur barely misses you.
A centaur comes into view.
The centaur hits you but does no damage.
The centaur kicks you but does no damage.
As you read the scroll of fear, it crumbles to dust.
You assume a fearsome visage.
The centaur looks frightened!
The wight is unaffected.
The centaur looks frightened!
The centaur shouts!
The wight hits you with a +1 battleaxe!
* * * LOW HITPOINT WARNING * * *
You feel drained.
* * * LOW HITPOINT WARNING * * *
The wight throws a stone.
The stone hits you.
* * * LOW HITPOINT WARNING * * *
The wight throws a stone.
The stone barely misses you.
You see here a +0 leather armour.
The wight throws a stone.
The stone barely misses you.
There is an escape hatch in the ceiling here.
The wight throws a stone.
The stone hits you.
You die...

...##..#.......##.....#..
...#..###......#.........
.......##...##.....#.#.#.
##....#..........###.###
.##...................#
.h+..................##
F##................###
)#.......#..........# ##
S#####..###>....@...###.##
#5 ##..z[..........#.... .
#.................# #..
#..##............## #.(
#.####............. ##..
##.## ##..........#..
.#####...# #....∩..##....
........#####....>..# ...#
...................##....#


You could see a wight.

Vanquished Creatures
  An acid dragon (D:6)
  A necrophage (D:6)
  A phantom (D:5)
  A gnoll sergeant (D:7)
  2 scorpions (D:5)
  A water moccasin zombie (D:7)
  A wyvern skeleton (D:7)
  6 wights
  A centaur zombie (D:7)
  A bullfrog zombie (D:6)
  2 jellies
  An orc priest (D:7)
  2 hounds
  2 centaur skeletons (D:5)
  A bullfrog skeleton (D:6)
  2 iguanas (D:5)
  6 gnolls
  3 adders
  A river rat (D:5)
  An ufetubus (D:5)
  2 worms
  2 dart slugs
  5 orcs
  8 ball pythons
  2 endoplasms (D:2)
  A giant cockroach (D:3)
  3 hobgoblins
  3 kobolds
  4 quokkas
  3 bats
  A frilled lizard (D:1)
  3 goblins
  6 rats
80 creatures vanquished.

Vanquished Creatures (collateral kills)
  An ice beast (D:5)
  4 ogres
  A scorpion (D:7)
  2 wights (D:7)
  A jelly (D:4)
  Jessica (D:2)
  An orc wizard (D:7)
  4 gnolls
  A worm (D:3)
  A dart slug (D:3)
  A ball python (D:5)
  A giant cockroach (D:1)
  A goblin (D:2)
  A hobgoblin (D:2)
  A bat (D:1)
  A rat (D:3)
23 creatures vanquished.

Grand Total: 103 creatures vanquished

Notes
Turn   | Place    | Note
-------+----------+-------------------------------------------
     0 | D:1      | kae the Tengu Summoner began the quest for the Orb.
     0 | D:1      | Reached XP level 1. HP: 10/10 MP: 4/4
   327 | D:1      | Reached skill level 5 in Summonings
   557 | D:1      | Reached XP level 2. HP: 10/16 MP: 4/6
   889 | D:1      | Learned a level 2 spell: Call Imp
  1388 | D:2      | Noticed Jessica
  1390 | D:2      | Noticed Sigmund
  1672 | D:2      | Killed Jessica
  1673 | D:2      | Reached skill level 1 in Fighting
  1673 | D:2      | Reached XP level 3. HP: 4/20 MP: 5/7
  2066 | D:2      | Learned a level 3 spell: Call Canine Familiar
  2225 | D:2      | Reached XP level 4. HP: 25/25 MP: 5/8
  3817 | D:3      | Identified a scroll of acquirement
  3817 | D:3      | Acquired the ring "Wymes" {+Blink rC+ Dex+6 Slay+3}
  4395 | D:4      | Noticed an ogre
  4411 | D:4      | Killed an ogre
  4412 | D:4      | Reached skill level 6 in Summonings
  4412 | D:4      | Gained mutation: Your magical nature lets you fly swiftly
                  | and evasively. [Tengu growth]
  4412 | D:4      | Reached XP level 5. HP: 30/30 MP: 2/10
  4924 | D:4      | Reached XP level 6. HP: 35/35 MP: 11/11
  5217 | D:5      | Entered Level 5 of the Dungeon
  5471 | D:5      | Reached skill level 1 in Armour
  5471 | D:5      | Reached skill level 7 in Summonings
  5584 | D:5      | Reached XP level 7. HP: 25/40 MP: 9/13
  6142 | D:5      | Found a staircase to the Ecumenical Temple.
  6503 | D:5      | Reached skill level 8 in Summonings
  6503 | D:5      | Reached XP level 8. HP: 26/46 MP: 11/14
  7186 | Temple   | Entered the Ecumenical Temple
  7543 | D:6      | Got the Compendium of Ghastly Weightlessness
  8050 | D:6      | Found Seath's Distillery.
  8058 | D:6      | Bought a potion of heal wounds for 60 gold pieces
  8058 | D:6      | Bought a potion of mutation for 96 gold pieces
  8067 | D:6      | Reached skill level 5 in Dodging
  8355 | D:6      | Found a broken altar of Ashenzari.
  8373 | D:6      | Became a worshipper of Ashenzari the Shackled
  8438 | D:6      | Noticed a gargoyle
  8517 | D:6      | Reached skill level 9 in Summonings
  9001 | D:7      | Found Zust's General Store.
  9010 | D:7      | Bought a scroll of identify for 28 gold pieces
  9010 | D:7      | Bought a potion of heal wounds for 70 gold pieces
  9031 | D:7      | Reached skill level 1 in Maces & Flails
  9065 | D:7      | Found Guapet's Book Shop.
  9121 | D:7      | Found Wuseecso's Distillery.
  9190 | D:7      | Reached XP level 9. HP: 36/52 MP: 14/16
  9194 | D:7      | Learned a level 3 spell: Summon Guardian Golem
  9344 | D:7      | Found Huseiss's Antique Weapon Shop.
  9450 | D:7      | Found Zaehufov's Antique Armour Boutique.
  9582 | D:7      | Reached skill level 1 in Hexes
  9627 | D:7      | Hit by a stone thrown by a wight

Illustrated notes

Levels and vault maps discovered:
D:1:      dpeg_arrival_houses_and_road, layout_loops_ring
D:2:      layout_loops_ring, uniq_sigmund, uniq_jessica
D:3:      layout_basic, dk_vineyard_1
D:4:      layout_basic, minitemple, chequers_serial_rivers_micro_e
D:5:      layout_layer_cave, minmay_temple_entry_glassed_door,
          portal_sewer_entry_c
D:6:      layout_loops_corners, cheibrodos_ashenzari_chains, serial_shops, shop
D:7:      layout_cave_pools, serial_shops, nicolae_take_the_stairs,
          nicolae_square_shop, shop, shop, shop, minmay_joined_circles
Temple:   dpeg_five_rooms_temple

Skill      XL: |  1  2  3  4  5  6  7  8  9 |
---------------+----------------------------+-----
Summonings     | 5 6 7 8 9 |  9.5
Fighting       | 1 2 3 4 |  4.4
Dodging        | 3 4 5 |  5.6
Spellcasting   | 3 4 |  4.6
Armour         | 1 2 3 4 |  4.1
Maces & Flails | 1 2 |  2.3
Hexes          | 1 |  1.0
Stealth        | |  2.0

Action                   |  1- 3 |  4- 6 |  7- 9 || total
-------------------------+-------+-------+-------++-------
Melee: Unarmed           |    28 |       |       ||    28
       Kick              |    14 |    14 |    36 ||    64
       Peck              |     5 |    17 |    15 ||    37
       Mace              |    27 |    89 |    11 ||   127
       Whip              |       |       |    68 ||    68
       Spear             |       |       |    42 ||    42
 Cast: Summon Small Mamm |    10 |    10 |    12 ||    32
       Call Imp          |     6 |    15 |    13 ||    34
       Call Canine Famil |       |     7 |    18 ||    25
 Abil: Evoke Blink       |       |       |     1 ||     1
  Use: Scroll            |     3 |     6 |    11 ||    20
       Potion            |       |       |     1 ||     1
 Stab: Sleeping          |     2 |     4 |       ||     6
       Distracted        |       |       |     2 ||     2
Armor: Leather armour    |    30 |    33 |       ||    63
       Scale mail        |       |     8 |    47 ||    55
Dodge: Dodged            |    43 |    71 |    86 ||   200

Table legend: (Time is in decaauts)
 A = Elapsed time spent in this place.
 B = Non-inter-level travel time spent in this place.
 C = Inter-level travel time spent in this place.
 D = Time resting spent in this place.
 E = Time spent auto-exploring this place.
 F = Levels seen in this place.
 G = Mean time per level.
                   A        B        C        D        E       F      G
               +--------+--------+--------+--------+--------+-----+--------+
         Total |   9387 |   8907 |    480 |    611 |   6958 |   8 | 1173.4 |
       Dungeon |   9126 |   8674 |    452 |    611 |   6734 |   7 | 1303.7 |
        Temple |    261 |    233 |     28 |      0 |    223 |   1 |  261.0 |
               +--------+--------+--------+--------+--------+-----+--------+

Top non-repeatable levels by time:
     D:5: 2048 daAuts
     D:1: 1525 daAuts
     D:2: 1514 daAuts
     D:6: 1284 daAuts
     D:4: 1118 daAuts
     D:3: 1034 daAuts
     D:7: 600 daAuts
  Temple: 261 daAuts
